Map: Lerilak Crest

Players

Chase

  • Race: Zerg Zerg
  • League: Grandmaster

Seither - Winner!

  • Race: Terran Terran
  • League: Master

VOD

Have the link to the VOD?

Description

Time

  • Played on: Dec. 15, 2015, 6:26 a.m.
  • Length: 8:20
Show
View Real Time Build Order
Export as new Build Order

Chase Zerg 

Build Orders: Hatch First 

Get SALT Encoding   

  12  0:01  Drone  
  13  0:13  Overlord  
  13  0:19  Drone  
  14  0:32  Drone x2  
  16  0:37  Drone  
  17  0:53  Hatchery  
  17  0:56  Drone  
  17  0:58  Drone  
  17  1:00  Extractor  
  17  1:15  Spawning Pool  
  17  1:18  Drone  
  17  1:22  Drone  
  18  1:30  Drone  
  19  1:39  Overlord  
  19  2:01  Queen  
  19  2:02  Zergling x4  
  19  2:04  Queen  
  19  2:05  Zergling x2  
  26  2:12  Drone  
  26  2:15  Metabolic Boost  
  27  2:17  Drone  
  28  2:23  Drone  
  29  2:31  Drone  
  29  2:33  Drone  
  31  2:38  Drone  
  31  2:40  Queen  
  35  2:44  Drone  
  35  2:47  Overlord  
  35  2:55  Drone  
  36  3:07  Drone x2  
  38  3:15  Drone x6  
  43  3:23  Overlord  
  43  3:30  Hatchery, Overlord  
  42  3:34  Roach Warren  
  42  3:35  Extractor  
  42  3:37  Extractor  
  42  3:38  Drone x2  
  41  3:41  Drone  
  41  3:46  Drone x2  
  41  3:47  Drone x2  
  46  3:51  Overlord  
  46  3:57  Drone x3  
  49  4:02  Spore Crawler  
  49  4:05  Spore Crawler  
  49  4:08  Lair  
  47  4:11  Drone  
  47  4:12  Drone  
  47  4:16  Baneling Nest  
  48  4:28  Evolution Chamber  
  48  4:29  Zergling x2  
  48  4:30  Evolution Chamber, Roach, Zergling x4  
  51  4:34  Roach  
  52  4:39  Drone  
  52  4:40  Drone x3  
  52  4:44  Queen  
  58  4:49  Drone x2  
  58  4:53  Drone x2  
  58  4:59  Roach x2  
  63  5:05  Zerg Melee Weapons Level 1  
  63  5:07  Zerg Ground Armor Level 1  
  62  5:10  Spore Crawler  
  61  5:14  Spore Crawler  
  61  5:18  Drone x3  
  60  5:22  Drone  
  60  5:23  Drone x2  
  61  5:28  Overlord  
  61  5:30  Spore Crawler  
  61  5:34  Overseer  
  59  5:37  Drone x3  
  59  5:41  Overlord  
  62  5:43  Drone x2  
  62  5:48  Drone  
  63  5:52  Drone x3  
  63  5:54  Drone  
  64  5:57  Drone  
  65  6:05  Zergling x8  
  65  6:06  Centrifical Hooks  
  67  6:13  Zergling x6  
  68  6:20  Zergling x2  
  68  6:21  Zergling x6  
  68  6:23  Drone  
  71  6:26  Zergling x6  
  71  6:27  Zergling x2  
  75  6:36  Zergling x6  
  75  6:39  Zergling x6  
  80  6:46  Zergling x4  
  82  6:49  Overlord  
  82  6:51  Overlord  
  82  6:54  Overlord  
  82  7:03  Overlord  
  80  7:16  Drone x4  
  80  7:17  Spire  
  80  7:18  Drone x2, Extractor  
  80  7:19  Drone x2  
  80  7:20  Drone  
  79  7:26  Baneling x7  
  79  7:27  Baneling x3  
  75  7:30  Zergling x4  
  75  7:33  Zergling x2  
  75  7:36  Zergling x4  
  72  7:49  Zergling x14  
  72  7:50  Zergling x2  
  79  7:51  Baneling x2  
  79  7:52  Zergling x2, Baneling  
  79  7:57  Baneling x3  
  79  7:58  Zergling x8  
Show
View Real Time Build Order
Export as new Build Order

Seither Terran - Winner!

Build Orders: Command Center First (CC), Hellion Banshee, MMM Bio 

Get SALT Encoding   

  12  0:00  SCV  
  13  0:12  SCV  
  14  0:17  Supply Depot  
  14  0:25  SCV  
  15  0:39  SCV  
  16  0:51  SCV  
  17  1:00  Command Center  
  17  1:03  SCV  
  18  1:09  Refinery  
  18  1:17  SCV  
  19  1:23  Barracks  
  19  1:29  SCV  
  20  1:41  SCV  
  21  1:53  SCV  
  22  2:10  Marine, Orbital Command  
  22  2:12  Factory  
  22  2:15  Orbital Command  
  23  2:16  Refinery  
  23  2:31  Barracks Reactor  
  23  2:37  SCV  
  23  2:41  SCV  
  25  2:49  SCV  
  26  2:51  Bunker  
  26  2:53  SCV  
  27  2:59  Starport  
  27  3:01  SCV  
  28  3:05  Supply Depot, SCV  
  29  3:13  SCV  
  29  3:17  SCV  
  31  3:22  Barracks Tech Lab  
  31  3:25  Supply Depot  
  31  3:26  SCV, Hellion x2  
  36  3:30  SCV  
  37  3:38  SCV  
  38  3:42  SCV  
  38  3:47  Hellion x2, Barracks Tech Lab  
  42  3:50  SCV  
  42  3:52  Banshee  
  42  3:54  SCV, Cloaking Field  
  47  4:01  Supply Depot  
  47  4:02  SCV  
  48  4:06  SCV  
  49  4:11  Hellion x2  
  49  4:12  Supply Depot  
  49  4:14  SCV  
  54  4:18  Stimpack  
  54  4:23  SCV, Marauder  
  57  4:26  SCV  
  58  4:35  SCV  
  64  4:38  SCV  
  64  4:39  Banshee  
  63  4:46  Barracks  
  63  4:47  SCV, Refinery, Barracks  
  63  4:48  Engineering Bay  
  63  4:49  Factory Reactor  
  63  4:50  SCV  
  65  4:59  SCV  
  66  5:06  SCV, Marauder  
  69  5:10  Supply Depot, Barracks  
  69  5:11  SCV, Barracks  
  70  5:28  Refinery  
  70  5:29  Supply Depot x2  
  70  5:31  SCV x2  
  70  5:32  Starport Reactor  
  70  5:38  Siege Tank  
  70  5:39  Marauder, Marine x2  
  75  5:43  SCV x2  
  77  5:51  Marine x2  
  77  5:56  Marine  
  80  6:01  Marauder  
  80  6:02  Barracks Reactor x2  
  80  6:03  Supply Depot x3  
  82  6:22  Marine x3  
  82  6:23  Combat Shields, Medivac x2, Siege Tank, Marauder  
  94  6:31  Supply Depot  
  94  6:33  Supply Depot  
  94  6:34  Supply Depot  
  94  6:39  Marine  
  94  6:40  Marine x4  
  94  6:44  Marauder  
  94  6:46  Supply Depot  
  101  6:47  Supply Depot  
  101  6:50  Supply Depot  
  101  6:54  Marine x3  
  101  6:55  Medivac x2  
  108  7:05  Marauder  
  108  7:07  Marine x3  
  113  7:12  Marine x2  
  113  7:14  Marine x2  
  117  7:17  Command Center  
  116  7:27  Marauder  
  117  7:31  Marine x3  
  117  7:33  Medivac x2  
  117  7:34  Siege Tank  
  127  7:38  Supply Depot  
  113  7:48  Marauder  
  113  7:50  Marine x2  
  113  7:51  Marine x2  
  114  7:55  Armory  
  114  7:57  Engineering Bay  
  115  8:00  Marine  
  115  8:01  Marine  
Tags
 
Add a new tag
Caveats
  • Supply blocks, unpowered buildings, or Contaminate may cause inaccurate times.
  • Supply counts are checked every 10 seconds.